BSA
PHILADELPHIA ATHLETICS @ PLYMOUTH ROCKS
07/13/2028
 
TOP OF THE 1ST
Niagara Falls Frenzy batting - Pitching for Plymouth Rocks : RHP José Martínez
Pitching: RHP José Martínez
Batting: RHB Kel Pierce 0-0: Foul Ball, location: 2F
0-1: Ball
1-1: Foul Ball, location: 2F
1-2: Ball
2-2: Ball
3-2: Fly out, F8 (Line Drive, 8RD)
Batting: RHB Zander Tremblett 0-0: Called Strike
0-1: Foul Ball, location: 2F
0-2: Strikes out swinging
Batting: RHB Troy Lau 0-0: Ball
1-0: Ball
2-0: Foul Ball, location: 2F
2-1: Foul Ball, location: 2F
2-2: Strikes out swinging
Top of the 1st over - 0 run(s), 0 hit(s), 0 error(s), 0 left on base; Niagara Falls 0 - Plymouth 0
BOTTOM OF THE 1ST
Plymouth Rocks batting - Pitching for Niagara Falls Frenzy : RHP Otis Sykes
Pitching: RHP Otis Sykes
Batting: LHB Roberto García 0-0: Foul Ball, location: 2F
0-1: Fly out, F5 (Line Drive, 56)
Batting: RHB Andrés Lara 0-0: Ball
1-0: Ball
2-0: Foul Ball, location: 2F
2-1: Fly out, F8 (Flyball, 8LM)
Batting: LHB Bob Smith 0-0: Foul Ball, location: 2F
0-1: Ball
1-1: Fly out, F7 (Flyball, 7LM)
Bottom of the 1st over - 0 run(s), 0 hit(s), 0 error(s), 0 left on base; Niagara Falls 0 - Plymouth 0
TOP OF THE 2ND
Niagara Falls Frenzy batting - Pitching for Plymouth Rocks : RHP José Martínez
Batting: LHB Clyde Yarbrough 0-0: Ball
1-0: Foul Ball, location: 2F
1-1: Ground out 3-1 (Groundball, 34)
Batting: RHB Anastasio Villa 0-0: Foul Ball, location: 2F
0-1: Ball
1-1: Swinging Strike
1-2: Foul Ball, location: 2F
1-2: Fly out, F9 (Flyball, 9D)
Batting: LHB Yasuhiko Onodera 0-0: Foul Ball, location: 2F
0-1: Ball
1-1: Swinging Strike
1-2: Strikes out swinging
Top of the 2nd over - 0 run(s), 0 hit(s), 0 error(s), 0 left on base; Niagara Falls 0 - Plymouth 0
BOTTOM OF THE 2ND
Plymouth Rocks batting - Pitching for Niagara Falls Frenzy : RHP Otis Sykes
Batting: LHB Barrett Waters 0-0: Ball
1-0: Called Strike
1-1: Ground out 6-3 (Groundball, 6)
Batting: RHB António Gonzáles 0-0: Called Strike
0-1: Ball
1-1: Ball
2-1: SINGLE (Flyball, 7LS)
Batting: LHB Sean Nicks 0-0: Ball
1-0: Called Strike
1-1: SINGLE (Groundball, 34D)
António Gonzáles to second
Runner from 2nd tries for 3rd, OUT!
Batting: SHB Víctor Serrano 0-0: Foul Ball, location: 2F
0-1: Foul Ball, location: 2F
0-2: Strikes out swinging
Bottom of the 2nd over - 0 run(s), 2 hit(s), 0 error(s), 1 left on base; Niagara Falls 0 - Plymouth 0
TOP OF THE 3RD
Niagara Falls Frenzy batting - Pitching for Plymouth Rocks : RHP José Martínez
Batting: SHB Héctor Padilla 0-0: Ball
1-0: Called Strike
1-1: Foul Ball, location: 2F
1-2: Foul Ball, location: 2F
1-2: Strikes out looking
Batting: RHB Luther Stoffels 0-0: Ground out 5-3 (Groundball, 5)
Batting: RHB Tomás Estrada 0-0: Ground out 6-3 (Groundball, 6)
Top of the 3rd over - 0 run(s), 0 hit(s), 0 error(s), 0 left on base; Niagara Falls 0 - Plymouth 0
BOTTOM OF THE 3RD
Plymouth Rocks batting - Pitching for Niagara Falls Frenzy : RHP Otis Sykes
Batting: RHB Wilbert Rodgers 0-0: Foul Ball, location: 2F
0-1: Ball
1-1: Swinging Strike
1-2: Foul Ball, location: 2F
1-2: Fly out, F9 (Flyball, 9LMF)
Batting: RHB Taylor McFarland 0-0: Foul Ball, location: 2F
0-1: Ball
1-1: Foul Ball, location: 2F
1-2: SINGLE (Groundball, 6MD)
Batting: LHB Roberto García 0-0: Called Strike
0-1: Ball
1-1: Ball
2-1: Called Strike
2-2: Fielders Choice at 2nd, 6-4 (Groundball, 6D)
Batting: RHB Andrés Lara 0-0: Fly out, F9 (Flyball, 9S)
Bottom of the 3rd over - 0 run(s), 1 hit(s), 0 error(s), 1 left on base; Niagara Falls 0 - Plymouth 0
TOP OF THE 4TH
Niagara Falls Frenzy batting - Pitching for Plymouth Rocks : RHP José Martínez
Batting: RHB Kel Pierce 0-0: Ball
1-0: Called Strike
1-1: Foul Ball, location: 2F
1-2: Foul Ball, location: 2F
1-2: Strikes out swinging
Batting: RHB Zander Tremblett 0-0: Ball
1-0: Called Strike
1-1: DOUBLE (Line Drive, 7LM)
Batting: RHB Troy Lau 0-0: Ball
1-0: Fly out, F9 (Flyball, 89M)
Batting: LHB Clyde Yarbrough 0-0: Called Strike
0-1: Ball
1-1: Ball
2-1: Ground out 5-3 (Groundball, 56S)
Top of the 4th over - 0 run(s), 1 hit(s), 0 error(s), 1 left on base; Niagara Falls 0 - Plymouth 0
BOTTOM OF THE 4TH
Plymouth Rocks batting - Pitching for Niagara Falls Frenzy : RHP Otis Sykes
Batting: LHB Bob Smith 0-0: Swinging Strike
0-1: Ball
1-1: SINGLE (Groundball, 3D)
Batting: LHB Barrett Waters 0-0: Ball
1-0: Foul Ball, location: 2F
1-1: Ball
2-1: DOUBLE (Flyball, 8LXD)
Bob Smith to third
Runner from 3rd tries for Home, SAFE, throw made home
Batting: RHB António Gonzáles 0-0: Called Strike
0-1: Foul Ball, location: 2F
0-2: Foul Ball, location: 2F
0-2: Ball
1-2: Ball
2-2: Strikes out swinging
Batting: LHB Sean Nicks 0-0: Ball
1-0: Called Strike
1-1: Fly out, F6 (Popup, 6)
Batting: SHB Víctor Serrano 0-0: Ball
1-0: Called Strike
Barrett Waters is caught stealing 3rd base
Bottom of the 4th over - 1 run(s), 2 hit(s), 0 error(s), 0 left on base; Niagara Falls 0 - Plymouth 1
TOP OF THE 5TH
Niagara Falls Frenzy batting - Pitching for Plymouth Rocks : RHP José Martínez
Batting: RHB Anastasio Villa 0-0: Called Strike
0-1: Called Strike
0-2: Ball
1-2: Ball
2-2: Strikes out swinging
Batting: LHB Yasuhiko Onodera 0-0: Ball
1-0: Ball
2-0: Called Strike
2-1: Foul Ball, location: 2F
2-2: Ball
3-2: Ground out 6-3 (Groundball, 6)
Batting: SHB Héctor Padilla 0-0: Ground out 4-3 (Groundball, 4)
Top of the 5th over - 0 run(s), 0 hit(s), 0 error(s), 0 left on base; Niagara Falls 0 - Plymouth 1
BOTTOM OF THE 5TH
Plymouth Rocks batting - Pitching for Niagara Falls Frenzy : RHP Otis Sykes
Batting: SHB Víctor Serrano 0-0: Fly out, F8 (Flyball, 8LM)
Batting: RHB Wilbert Rodgers 0-0: Called Strike
0-1: Ground out 6-3 (Groundball, 6)
Batting: RHB Taylor McFarland 0-0: Ball
1-0: Ball
2-0: Swinging Strike
2-1: Ball
3-1: Fly out, F8 (Line Drive, 8LM)
Bottom of the 5th over - 0 run(s), 0 hit(s), 0 error(s), 0 left on base; Niagara Falls 0 - Plymouth 1
TOP OF THE 6TH
Niagara Falls Frenzy batting - Pitching for Plymouth Rocks : RHP José Martínez
Batting: RHB Luther Stoffels 0-0: Called Strike
0-1: Foul Ball, location: 2F
0-2: Foul Ball, location: 2F
0-2: Ball
1-2: Foul Ball, location: 2F
1-2: Ball
2-2: Ground out 5-3 (Groundball, 5S)
Pitching: LHP Alfonso Ramos
Batting: RHB Tomás Estrada 0-0: Ball
1-0: Called Strike
1-1: Ground out 5-3 (Groundball, 5S)
Batting: RHB Kel Pierce 0-0: Ball
1-0: Ball
2-0: Swinging Strike
2-1: SINGLE (Groundball, 15S) (infield hit)
Batting: RHB Zander Tremblett 0-0: Swinging Strike
0-1: Swinging Strike
0-2: Ball
1-2: Strikes out swinging
Top of the 6th over - 0 run(s), 1 hit(s), 0 error(s), 1 left on base; Niagara Falls 0 - Plymouth 1
BOTTOM OF THE 6TH
Plymouth Rocks batting - Pitching for Niagara Falls Frenzy : RHP George Nelson
Pitching: RHP George Nelson
Batting: LHB Roberto García 0-0: Called Strike
0-1: Ground out 6-3 (Groundball, 56D)
Batting: RHB Andrés Lara 0-0: Ball
1-0: Swinging Strike
1-1: DOUBLE (Flyball, 78D)
Batting: LHB Bob Smith 0-0: Called Strike
0-1: 2-RUN HOME RUN (Flyball, 89XD), Distance : 414 ft
Batting: LHB Barrett Waters 0-0: Ball
1-0: Foul Ball, location: 2F
1-1: Ball
2-1: Ball
3-1: Foul Ball, location: 2F
3-2: Foul Ball, location: 2F
3-2: Strikes out swinging
Batting: RHB António Gonzáles 0-0: Called Strike
0-1: Ball
1-1: Ball
2-1: Ball
3-1: Called Strike
3-2: Strikes out swinging
Bottom of the 6th over - 2 run(s), 2 hit(s), 0 error(s), 0 left on base; Niagara Falls 0 - Plymouth 3
TOP OF THE 7TH
Niagara Falls Frenzy batting - Pitching for Plymouth Rocks : LHP Alfonso Ramos
Batting: RHB Troy Lau 0-0: Ball
1-0: Foul Ball, location: 2F
1-1: Called Strike
1-2: Strikes out swinging
Batting: LHB Clyde Yarbrough 0-0: Ball
1-0: Foul Ball, location: 2F
1-1: SINGLE (Groundball, 34D)
Batting: RHB Anastasio Villa 0-0: Ball
1-0: Ball
2-0: Grounds into double play, 6-4-3 (Groundball, 6)
Top of the 7th over - 0 run(s), 1 hit(s), 0 error(s), 0 left on base; Niagara Falls 0 - Plymouth 3
BOTTOM OF THE 7TH
Plymouth Rocks batting - Pitching for Niagara Falls Frenzy : RHP George Nelson
Batting: LHB Sean Nicks 0-0: Ball
1-0: Swinging Strike
1-1: Ball
2-1: Foul Ball, location: 2F
2-2: Hit by Pitch
Batting: SHB Víctor Serrano 0-0: Called Strike
0-1: Called Strike
0-2: SINGLE (Groundball, 4MD)
Sean Nicks to second
Batting: RHB Wilbert Rodgers 0-0: Ball
1-0: Called Strike
1-1: Ball
2-1: SINGLE (Line Drive, 7S)
Sean Nicks to third
Víctor Serrano to second
Batting: RHB Taylor McFarland 0-0: Swinging Strike
0-1: Grounds into fielders choice 4-2 (Groundball, 4)
Víctor Serrano to third
Wilbert Rodgers to second
Batting: LHB Roberto García 0-0: Ball
1-0: Called Strike
1-1: Ball
2-1: Foul Ball, location: 2F
2-2: Foul Ball, location: 2F
2-2: Foul Ball, location: 2F
2-2: Ball
3-2: Grounds into fielders choice 4-2 (Groundball, 34)
Wilbert Rodgers to third
Taylor McFarland to second
Batting: RHB Andrés Lara 0-0: Ball
1-0: Ball
2-0: Fly out, F9 (Flyball, 9LM)
Bottom of the 7th over - 0 run(s), 2 hit(s), 0 error(s), 3 left on base; Niagara Falls 0 - Plymouth 3
TOP OF THE 8TH
Niagara Falls Frenzy batting - Pitching for Plymouth Rocks : LHP Alfonso Ramos
Batting: LHB Yasuhiko Onodera 0-0: Ball
1-0: Ball
2-0: Ball
3-0: Called Strike
3-1: Base on Balls
Batting: SHB Héctor Padilla 0-0: Called Strike
0-1: Foul Ball, location: 2F
0-2: Foul Ball, location: 2F
0-2: Ball
1-2: Strikes out looking
Pitching: RHP Pablo Cabral
Batting: RHB Luther Stoffels 0-0: Ball
1-0: Foul Ball, location: 2F
1-1: Ball
2-1: Foul Ball, location: 2F
2-2: Strikes out swinging
Batting: RHB Tomás Estrada 0-0: Ground out 5-3 (Groundball, 56D)
Top of the 8th over - 0 run(s), 0 hit(s), 0 error(s), 1 left on base; Niagara Falls 0 - Plymouth 3
BOTTOM OF THE 8TH
Plymouth Rocks batting - Pitching for Niagara Falls Frenzy : RHP George Nelson
Batting: LHB Bob Smith 0-0: Called Strike
0-1: Swinging Strike
0-2: Ground out 3-1 (Groundball, 34S)
Batting: LHB Barrett Waters 0-0: Ball
1-0: Swinging Strike
1-1: Ball
2-1: Ball
3-1: Ground out 4-3 (Groundball, 4)
Batting: RHB António Gonzáles 0-0: Called Strike
0-1: Ground out 1-3 (Groundball, P)
Bottom of the 8th over - 0 run(s), 0 hit(s), 0 error(s), 0 left on base; Niagara Falls 0 - Plymouth 3
TOP OF THE 9TH
Niagara Falls Frenzy batting - Pitching for Plymouth Rocks : RHP Pablo Cabral
Pitching: RHP Robinson Gonzáles
Batting: RHB Kel Pierce 0-0: Ball
1-0: Ball
2-0: Ball
3-0: Called Strike
3-1: Called Strike
3-2: Strikes out swinging
Batting: RHB Zander Tremblett 0-0: Ball
1-0: Called Strike
1-1: Ball
2-1: Swinging Strike
2-2: Fly out, F8 (Flyball, 8RD)
Batting: RHB Troy Lau 0-0: Called Strike
0-1: Ball
1-1: Called Strike
1-2: Ball
2-2: Strikes out swinging
Top of the 9th over - 0 run(s), 0 hit(s), 0 error(s), 0 left on base; Niagara Falls 0 - Plymouth 3
Tuesday, August 8th, 2017 - OOTP Baseball 17.12 Build 75